 Dungeon Crawl Stone Soup version 0.23.1 (webtiles) character file.

Game seed: 0

119 1994 the Magician (level 4, -3/24 HPs)
             Began as a Deep Elf Fire Elementalist on Mar 8, 2019.
             Slain by an orc
             ... wielding a +0 dagger
              (5 damage)
             ... on level 3 of the Dungeon.
             The game lasted 00:07:29 (1897 turns).

1994 the Magician (Deep Elf Fire Elementalist)      Turns: 1897, Time: 00:07:30

Health: -3/24      AC:  2    Str:  5    XL:     4   Next: 73%
Magic:  1/12       EV: 13    Int: 21    God:
Gold:   61         SH:  0    Dex: 15    Spells: 2/11 levels left

rFire    . . .     SeeInvis .   h - +0 dagger
rCold    . . .     Gourm    .   (no shield)
rNeg     . . .     Faith    .   a - +0 robe
rPois    .         Spirit   .   (no helmet)
rElec    .         Reflect  .   (no cloak)
rCorr    .         Harm     .   (no gloves)
MR       .....                  (no boots)
Stlth    ++........             (no amulet)
HPRegen  0.08/turn              (no ring)
MPRegen  0.13/turn              (no ring)

@: no status effects
A: no striking features
a: no special abilities


You were on level 3 of the Dungeon.
You were very hungry.

You visited 1 branch of the dungeon, and saw 3 of its levels.

You collected 61 gold pieces.

Inventory:

Hand Weapons
 h - a +0 dagger (weapon)
Armour
 a - a +0 robe (worn)
Jewellery
 e - an uncursed ring of poison resistance {unknown}
Scrolls
 d - 2 scrolls of noise {unknown}
 i - a scroll of teleportation {unknown}
Potions
 b - 2 potions of curing {unknown}
 g - a potion of cancellation {unknown}
Comestibles
 c - 5 rations


   Skills:
 + Level 3.1 Dodging
 - Level 2.4 Stealth
 * Level 4.4 Spellcasting
 * Level 2.7 Conjurations
 * Level 4.2 Fire Magic


You had 2 spell levels left.
You knew the following spells:

 Your Spells              Type           Power        Failure   Level  Hunger
a - Flame Tongue          Conj/Fire      ###..        2%          1    None
b - Throw Flame           Conj/Fire      ###...       4%          2    #......
c - Conjure Flame         Conj/Fire      ###.....     9%          3    ##.....
d - Inner Flame           Hex/Fire       ##......     14%         3    ##.....

Your spell library contained the following spells:

 Spells                   Type           Power        Failure   Level  Hunger
 Sticky Flame             Conj/Fire      ###.....     26%         4    ####...
 Fireball                 Conj/Fire      ###.......   58%         5    ######.


Dungeon Overview and Level Annotations

Branches:
Dungeon (3/15)

Altars:


Message History

Confirm with . or Enter, or press ? or * to list all spells.
Aiming: Throw Flame (safe; 4% risk of failure)
Press: ? - help, Shift-Dir - straight line, f/p - orc priest
Aim: an orc priest, wearing a +0 leather armour (heavily wounded)
The puff of flame hits the orc priest!
The orc priest is almost dead.
The orc hits you but does no damage.
The orc priest calls down the wrath of Beogh upon you.
Pain shoots through your body!
Ouch! That really hurt!
* * * LOW HITPOINT WARNING * * *
Casting: Throw Flame (safe; 4% risk of failure)
Confirm with . or Enter, or press ? or * to list all spells.
Aiming: Flame Tongue (safe; 3% risk of failure)
Press: ? - help, Shift-Dir - straight line, f/p - orc priest
Aim: an orc priest, wearing a +0 leather armour (almost dead)
The flame tongue hits the orc priest.
You kill the orc priest!
The orc hits you with a +0 dagger.
You die...

...... ###......
....o... ## #.#o...#
. #..(##.# #####
#.#...##'##.....
#.#.oo[..)......
#..)..@.........
###.##.........#
######.#...<.......
..........#######.#.
#######...# #...#
.....# .###### #


You could see 3 orcs.

Vanquished Creatures
  An orc priest (D:3)
  3 adders (D:2)
  2 worms (D:2)
  A leopard gecko (D:1)
  4 orcs
  5 giant cockroaches
  4 goblins
  8 hobgoblins
  5 bats
  5 frilled lizards
  6 kobolds
  8 rats
52 creatures vanquished.

Notes
Turn   | Place    | Note
-------+----------+-------------------------------------------
     0 | D:1      | 1994 the Deep Elf Fire Elementalist began the quest for the
                  | Orb.
     0 | D:1      | Reached XP level 1. HP: 10/10 MP: 6/6
   235 | D:1      | Reached XP level 2. HP: 15/15 MP: 4/8
   491 | D:1      | Learned a level 2 spell: Throw Flame
   867 | D:2      | Reached XP level 3. HP: 19/19 MP: 3/10
  1036 | D:2      | Learned a level 3 spell: Conjure Flame
  1040 | D:2      | Learned a level 3 spell: Inner Flame
  1416 | D:2      | Reached XP level 4. HP: 24/24 MP: 9/12
  1897 | D:3      | Slain by an orc

Skill      XL: |  1  2  3  4 |
---------------+-------------+-----
Conjurations   | 2 |  2.7
Spellcasting   | 4 |  4.4
Fire Magic     | 4 |  4.2
Dodging        | 3 |  3.1
Stealth        | |  2.4

Action                   |  1- 3 |  4- 6 || total
-------------------------+-------+-------++-------
 Cast: Flame Tongue      |    57 |    20 ||    77
       Throw Flame       |     6 |    11 ||    17
  Eat: Chunk             |     1 |     1 ||     2
Armor: Robe              |     2 |     2 ||     4
Dodge: Dodged            |     5 |    11 ||    16
